 Dungeon Crawl Stone Soup version 0.26-a0-651-gb41185065b (webtiles) character file.

Game seed: 17161726008947172227

(classic levelgen) 2 EnegeticOcto the Sneak (level 1, -2/20 HPs)
             Began as a Deep Dwarf Delver on Oct 23, 2020.
             Was an Initiate of Ru.
             Slain by a bullfrog (6 damage)
             ... on level 6 of the Dungeon.
             The game lasted 00:00:43 (113 turns).

EnegeticOcto the Sneak (Deep Dwarf Delver)           Turns: 113, Time: 00:00:43

Health: -2/20      AC:  3    Str: 15    XL:     1   Next: 25%
Magic:  1/1        EV: 12    Int: 10    God:    Ru [......]
Gold:   22         SH:  0    Dex: 14    Spells: 0/0 levels left

rFire    . . .     SeeInvis .   a - +0 hand axe
rCold    . . .     Faith    .   (no shield)
rNeg     . . .     Spirit   .   b - +0 leather armour
rPois    .         Reflect  .   (no helmet)
rElec    .         Harm     .   (no cloak)
rCorr    .         Rampage  .   (no gloves)
MR       .....                  (no boots)
Stlth    +++.......             (no amulet)
HPRegen  0.00/turn              (no ring)
MPRegen  0.07/turn              (no ring)

@: non-regenerating
A: damage resistance, heal wounds, sense surroundings 1, no regeneration
a: Heal Wounds, Renounce Religion


You were on level 6 of the Dungeon.
You worshipped Ru.
Ru was noncommittal.
You visited 2 branches of the dungeon, and saw 3 of its levels.

You collected 22 gold pieces.

Inventory:

Hand Weapons
 a - a +0 hand axe (weapon)
Armour
 b - a +0 leather armour (worn)
Wands
 g - a wand of digging (3) {@v3}
 h - a wand of random effects (25)
Scrolls
 c - a scroll of fog
 d - a scroll of magic mapping {@r5}
 e - a scroll of fear
Potions
 f - a potion of haste {@q4}


   Skills:
 - Level 2.6 Fighting
 + Level 2.4 Axes
 - Level 2.1 Dodging
 - Level 6.0 Stealth


You couldn't memorise any spells.
You didn't know any spells.
Your spell library was empty.

Dungeon Overview and Level Annotations

Branches:
Dungeon (6/15)             Temple (1/1) D:5

Altars:
Elyvilon
Fedhas
Gozag
Qazlal
Ru
Trog
Uskayaw
Yredelemnul
The Shining One


Innate Abilities, Weirdness & Mutations

You are resistant to damage.
You can heal yourself by infusing magical energy.
You passively map a small area around you.
You do not regenerate.


Message History

Welcome, EnegeticOcto the Deep Dwarf Delver.
The bosom of this dungeon contains the awesome artefact, the Orb of Zot.
Press ? for a list of commands and other information.
Found an escape hatch in the floor.
Found a stone staircase leading down and a staircase to the Ecumenical Temple.
Found a scroll labeled KAMEINNEIPA.
There is a staircase to the Ecumenical Temple here.
You climb downwards.
Welcome to the Ecumenical Temple!
There is a staircase back to the Dungeon here.
You open the door.
There is an open door here.
You open the door.
Found a bloodstained altar of Trog.
You open the door.
Found a stormy altar of Qazlal.
You open the door.
Found an opulent altar of Gozag.
You open the door.
Found a basalt altar of Yredelemnul.
There is an open door here.
As you open the door, it creaks loudly!
Found two altars.
You open the door.
Found a hide-covered altar of Uskayaw.
There is an open door here.
You open the door.
Found a white marble altar of Elyvilon.
You open the door.
Found a sacrificial altar of Ru.
There is an open door here.
There is a sacrificial altar of Ru here.
You kneel at the altar of Ru.
Ru welcomes you!
There is an open door here.
There is an open door here.
There is a staircase back to the Dungeon here.
You climb upwards.
There is a staircase to the Ecumenical Temple here.
There is a stone staircase leading down here.
You climb downwards.
Found a runed silver wand.
There is a stone staircase leading up here.
You see here a wand of random effects (25).
h - a wand of random effects (25)
A leopard gecko comes into view.
Found 8 gold pieces and a dagger.
The helpless leopard gecko fails to defend itself.
You slash the leopard gecko!
You kill the leopard gecko!
No target in view!
Found 19 sling bullets.
You now have 8 gold pieces.
You see here a leopard gecko corpse.
Found 14 gold pieces.
A bullfrog comes into view.
The bullfrog moves out of view.
Found a long sword.
Found a stone staircase leading down.
You now have 22 gold pieces (gained 14).
The bullfrog hits you.
You hit the bullfrog.
The bullfrog is lightly wounded.
The bullfrog closely misses you.
You hit the bullfrog.
The bullfrog is moderately wounded.
The bullfrog hits you! The bullfrog hits you.
You hit the bullfrog.
The bullfrog is heavily wounded.
The bullfrog barely misses you. x2
You hit the bullfrog.
The bullfrog is heavily wounded.
The bullfrog hits you. x2
You hit the bullfrog.
The bullfrog is heavily wounded.
The bullfrog hits you. x2
* * * LOW HITPOINT WARNING * * *
You are too injured to fight recklessly!
You fail to use your ability.
The bullfrog hits you!
You die...

* * *### * * ..# *
#.#* * #.> * # #.#
* ## ,..,* #.# ...
, , * #.#####@#
##.#.#
,......F.###......
##.#.............
, * *
,#.)..##.....####
#....#.........
#.#...#.........#
* *
#..............#.#
*
#.##...#.......#.#
, , #
*#...........#.# #


You could see a bullfrog.

Vanquished Creatures
  A leopard gecko (D:6)
1 creature vanquished.

Notes
Turn   | Place    | Note
-------+----------+-------------------------------------------
     0 | D:5      | EnegeticOcto the Deep Dwarf Delver began the quest for the
                  | Orb.
     0 | D:5      | Reached XP level 1. HP: 20/20 MP: 1/1
     5 | Temple   | Entered the Ecumenical Temple
    58 | Temple   | Became a worshipper of Ru the Awakened
   101 | D:6      | Noticed a bullfrog
   113 | D:6      | Slain by a bullfrog

Illustrated notes

Levels and vault maps discovered:
D:5:      layout_rooms, lemuel_coloured_pillars_altar, lemuel_crystal_altar,
          marbit_many_paths, minmay_temple_entry_statues, serial_shops,
          nicolae_shop_statue_plus, hangedman_decor_growths
D:6:      layout_loops_ring, makhleb_altar_promises_db, hangedman_decor_opposing
Temple:   nicolae_temple_figure_zero

Action                   || total
-------------------------++-------
Melee: Hand axe          ||     6
 Stab: Sleeping          ||     1
Dodge: Dodged            ||     3

Table legend: (Time is in decaauts)
 A = Elapsed time spent in this place.
 B = Non-inter-level travel time spent in this place.
 C = Inter-level travel time spent in this place.
 D = Time resting spent in this place.
 E = Time spent auto-exploring this place.
 F = Levels seen in this place.
 G = Mean time per level.
                   A        B        C        D        E       F      G
               +--------+--------+--------+--------+--------+-----+--------+
         Total |    114 |    103 |     11 |      0 |      0 |   3 |   38.0 |
       Dungeon |     48 |     48 |      0 |      0 |      0 |   2 |   24.0 |
        Temple |     65 |     54 |     11 |      0 |      0 |   1 |   65.0 |
               +--------+--------+--------+--------+--------+-----+--------+

Top non-repeatable levels by time:
  Temple: 65 daAuts
     D:6: 37 daAuts
     D:5: 11 daAuts
